 Dungeon Crawl Stone Soup version 0.29.1-15-g9cfb28693d (webtiles) character file.

Game seed: 3278676105202385687

543 asdfasdf the Chopper (level 7, -15/61 HPs)
             Began as a Hill Orc Fighter on Apr 29, 2023.
             Demolished by an ogre
             ... wielding a +0 giant club
              (20 damage)
             ... on level 6 of the Dungeon.
             The game lasted 00:07:12 (3717 turns).

asdfasdf the Chopper (Hill Orc Fighter)             Turns: 3717, Time: 00:07:13

Health: -15/61     AC: 13    Str: 21    XL:     7   Next: 27%
Magic:  7/7        EV:  6    Int:  8    God:
Gold:   209        SH:  4    Dex: 10    Spells: 6/6 levels left

rFire   . . .      SeeInvis .   a - +0 war axe
rCold   . . .      Faith    .   c - +0 buckler
rNeg    . . .      Spirit   .   j - +0 plate armour
rPois   .          Reflect  .   b - +0 helmet
rElec   .          Harm     .   (no cloak)
rCorr   .          Rampage  .   (no gloves)
Will    .....                   (no boots)
Stlth   ..........              (no amulet)
HPRegen 0.20/turn               (no ring)
MPRegen 0.10/turn               (no ring)

@: studying Ranged Weapons
A: no striking features
a: no special abilities


You were on level 6 of the Dungeon.
You visited 1 branch of the dungeon, and saw 5 of its levels.

You collected 209 gold pieces.

Inventory:

Hand Weapons
 a - a +0 war axe (weapon)
 n - the +7 whip "Pachusism" {flame, rElec}
   (You found it on level 3 of the Dungeon)

   It burns those it strikes, dealing additional fire damage.
   rElec:     It insulates you from electricity.
Armour
 b - a +0 helmet (worn)
 c - a +0 buckler (worn)
 j - a +0 plate armour (worn)
 t - the +1 ring mail of Esadishri {Harm rC+}
   (You found it on level 4 of the Dungeon)

   rC:        It protects you from cold.
   Harm:      It increases damage dealt and taken.
Jewellery
 f - a ring of magical power
Wands
 i - a wand of charming (15)
Scrolls
 g - a scroll of enchant weapon {unknown}
 h - a scroll of blinking {unknown}
 k - 3 scrolls of amnesia
 l - 5 scrolls of identify {unknown}
 o - a scroll of teleportation {unknown}
 r - a scroll of noise {unknown}
Potions
 d - 4 potions of might
 e - a potion of brilliance {unknown}
 m - 2 potions of heal wounds
 p - a potion of lignification {unknown}
 q - 2 potions of mutation {unknown}
 s - a potion of attraction {unknown}


   Skills:
 + Level 5.0 Fighting
 + Level 7.1 Axes
 + Level 5.3 Armour
 + Level 0.6 Dodging
 + Level 0.2 Stealth
 + Level 4.1 Shields


You had 6 spell levels left.
You didn't know any spells.
Your spell library contained the following spells:

 Spells                   Type           Power      Damage    Failure   Level
 Call Canine Familiar     Summ           0%         N/A       100%        3
 Portal Projectile        Hex/Tloc       0%         N/A       100%        3
 Leda's Liquefaction      Hex/Erth       0%         N/A       100%        4


Dungeon Overview and Level Annotations

Branches:
Dungeon (6/15)
 Temple: D:4-7

Altars:
Cheibriados

Annotations:
D:6 Eustachio


Message History

You have reached level 7!
You now have 209 gold pieces (gained 13).
A bullfrog comes into view.
The bullfrog gives a loud, deep croak!
The bullfrog hits you but does no damage.
You slash the bullfrog!
The bullfrog is severely wounded.
The bullfrog barely misses you. The bullfrog hits you.
You closely miss the bullfrog.
The bullfrog is severely wounded.
The bullfrog barely misses you. The bullfrog hits you.
You closely miss the bullfrog.
The bullfrog is severely wounded.
The bullfrog hits you.
You slash the bullfrog!
You kill the bullfrog!
Your Fighting skill increases to level 5!
Your Axes skill increases to level 7!
You see here a bullfrog corpse.
An ogre comes into view. It is wielding a +0 giant club.
The ogre shouts!
You hear a shout!
A white imp comes into view.
Found a scroll labelled WABYETWUO KEMU.
The white imp shouts, "Scamper away, thou odious folly-fallen blabberskite!"
The ogre hits you with a +0 giant club!!
An ogre comes into view. It is wielding a +0 giant spiked club.
The ogre shouts!
You hear a shout!
A hound comes into view.
The white imp gestures at you. The puff of frost hits you.
Eustachio the Magnificent comes into view.
He is wielding a +0 rapier.
The hound barks!
You hit the ogre.
The ogre is lightly wounded.
The ogre hits you with a +0 giant club!
* * * LOW HITPOINT WARNING * * *
You slash the ogre!
The ogre is severely wounded.
The ogre hits you with a +0 giant club!!
You die...

#..### .#..
........#. ... ..
.............# ...
.....#....#..##...
...O:./...#.......
........#.........
.?................
........#....# ..
......O@.....#....
.....#............
..........†#....#.
......#....##...#
.@.h5.......<..##
.........#........
.......#####......
....... ......
......# ......


You could see Eustachio, 2 ogres, a hound and a white imp.

Vanquished Creatures
  The ghost of diceflayer the Shooter, an amateur DsHu (D:4)
  2 bullfrogs (D:6)
  A scorpion (D:6)
  Jessica (D:3)
  Robin (D:2)
  3 gnolls (D:2)
  7 adders
  A worm (D:3)
  A dart slug (D:1)
  3 orcs (D:3)
  4 ball pythons
  8 endoplasms
  4 giant cockroaches
  12 goblins
  12 hobgoblins
  6 jackals
  8 kobolds
  7 quokkas
  4 bats
  4 frilled lizards
  8 rats
98 creatures vanquished.

Vanquished Creatures (others)
  A withered plant (D:1)
1 creature vanquished.

Grand Total: 99 creatures vanquished

Notes
Turn   | Place    | Note
-------+----------+-------------------------------------------
     0 | D:1      | asdfasdf the Hill Orc Fighter began the quest for the Orb.
     0 | D:1      | Reached XP level 1. HP: 19/19 MP: 1/1
   213 | D:1      | Reached XP level 2. HP: 23/27 MP: 2/2
   353 | D:1      | Reached skill level 3 in Axes
   771 | D:1      | Reached XP level 3. HP: 22/33 MP: 3/3
   921 | D:1      | Found a faded altar of an unknown god.
  1689 | D:2      | Reached skill level 4 in Axes
  1689 | D:2      | Reached XP level 4. HP: 40/40 MP: 4/4
  2038 | D:2      | Noticed Robin
  2055 | D:2      | Reached XP level 5. HP: 37/47 MP: 5/5
  2068 | D:2      | Killed Robin
  2420 | D:2      | Identified the +1 leather armour of Eternal Night {*Slow
                  | Dex+5 SInv}
  2677 | D:3      | Identified the +7 whip "Pachusism" {flame, rElec}
  2682 | D:3      | Reached skill level 5 in Axes
  2906 | D:3      | Found a snail-covered altar of Cheibriados.
  3064 | D:3      | Noticed Jessica
  3070 | D:3      | Killed Jessica
  3316 | D:4      | Noticed diceflayer's ghost (amateur DsHu)
  3328 | D:4      | Found a runed translucent gate.
  3328 | D:4      | Found a runed translucent gate.
  3328 | D:4      | Found a runed translucent gate.
  3354 | D:4      | Reached XP level 6. HP: 45/53 MP: 6/6
  3358 | D:4      | Killed diceflayer's ghost
  3359 | D:4      | Reached skill level 6 in Axes
  3654 | D:4      | Identified the +1 ring mail of Esadishri {Harm rC+}
  3673 | D:4      | You fall into a shaft and drop 2 floors!
  3683 | D:6      | Reached skill level 5 in Armour
  3689 | D:6      | Reached XP level 7. HP: 43/60 MP: 7/7
  3697 | D:6      | Reached skill level 5 in Fighting
  3697 | D:6      | Reached skill level 7 in Axes
  3715 | D:6      | Noticed Eustachio
  3717 | D:6      | Demolished by an ogre

Illustrated notes

Levels and vault maps discovered:
D:1:      minmay_arrival_checkered_box, layout_basic,
          ebering_ecumenical_altar_petrified
D:2:      layout_loops_ring, kennysheep_crisscross, uniq_robin
D:3:      layout_basic, cheibriados_altar_1, uniq_jessica
D:4:      layout_loops_corners, gammafunk_ghost_split, nicolae_titane
D:6:      layout_cave_pools, lemuel_round_altar, mainiacjoe_overflow_paths,
          makhleb_altar_promises_db, nicolae_stop_n_shop_1, uniq_eustachio

Skill      XL: |  1  2  3  4  5  6  7 |
---------------+----------------------+-----
Axes           | 3 4 5 6 7 |  7.1
Fighting       | 4 5 |  5.0
Armour         | 4 5 |  5.3
Shields        | 4 |  4.1
Dodging        | |  0.6
Stealth        | |  0.2

Action                   |  1- 3 |  4- 6 |  7- 9 || total
-------------------------+-------+-------+-------++-------
Melee: War axe           |   117 |   134 |     6 ||   257
  Use: Scroll            |     1 |       |       ||     1
       Potion            |       |     1 |       ||     1
Armor: Scale mail        |    64 |    16 |       ||    80
       Plate armour      |       |   104 |     1 ||   105
Dodge: Dodged            |    78 |    54 |     2 ||   134
Block: Buckler           |    26 |    42 |       ||    68
